 Dungeon Crawl Stone Soup version 0.25.1-2-g60ff931df9 (webtiles) character file.

Game seed: 12104793392847441028

917 IcyTea the Carver (level 8, -8/59 HPs)
             Began as a Barachi Fighter on Oct 14, 2020.
             Mangled by a mummy (15 damage)
             ... on level 4 of the Dungeon.
             The game lasted 00:14:48 (4180 turns).

IcyTea the Carver (Barachi Fighter)                 Turns: 4180, Time: 00:14:48

Health: -8/59      AC:  9    Str: 17    XL:     8   Next: 9%
Magic:  8/8        EV:  4    Int: 11    God:
Gold:   211        SH:  9    Dex: 12    Spells: 7/7 levels left

rFire    . . .     SeeInvis +   a - +0 long sword
rCold    + . .     Gourm    .   c - +0 kite shield
rNeg     . . .     Faith    .   j - +0 chain mail
rPois    .         Spirit   .   (no helmet)
rElec    .         Reflect  .   (no cloak)
rCorr    .         Harm     .   (no gloves)
MR       .....                  (no boots)
Stlth    ..........             (no amulet)
HPRegen  0.19/turn              e - ring of see invisible
MPRegen  0.11/turn              o - ring of protection from cold

@: slow
A: +LOS, swims, slowness 1, strong legs 1
a: Hop


You were on level 4 of the Dungeon.
You were hungry.

You visited 1 branch of the dungeon, and saw 4 of its levels.
You also visited: Sewer.

You collected 211 gold pieces.

Inventory:

Hand Weapons
 a - a +0 long sword (weapon)
Missiles
 g - 12 curare-tipped darts (quivered)
 i - 15 poisoned darts
Armour
 c - a +0 kite shield (worn)
 j - a +0 chain mail (worn)
Jewellery
 b - a +6 ring of strength {unknown}
 e - a ring of see invisible (left hand)
 o - a ring of protection from cold (right hand)
Wands
 d - a wand of flame (18)
 h - a wand of digging (4)
Scrolls
 n - a scroll of blinking
 s - a scroll of teleportation
 v - a scroll of identify
Potions
 k - 4 potions of heal wounds
 l - a potion of cancellation {unknown}
 m - a potion of flight {unknown}
 p - 2 potions of brilliance
 q - 5 potions of curing
 r - a potion of stabbing {unknown}
 t - a potion of degeneration {unknown}
Comestibles
 f - 4 rations


   Skills:
 - Level 3.6 Fighting
 + Level 10.9 Long Blades
 - Level 3.6 Armour
 - Level 3.2 Shields


You had 7 spell levels left.
You didn't know any spells.
Your spell library was empty.

Dungeon Overview and Level Annotations

Branches:
Dungeon (4/15)              Sewer (visited)
 Temple: D:4-7

Altars:

Annotations:
D:3 1 runed translucent door, hallab's ghost, amateur TrEE


Innate Abilities, Weirdness & Mutations

You can be seen from farther away. (+LOS)
You can swim through water.
You cover ground slowly.
You can hop short distances.


Message History

You feel a little less clever now.
You feel sick.
You feel sick.
You are no longer poisoned.
There is an open door here.
t - a brown potion
There is a collapsed entrance here.
You can't go down here!
You close the door.
You are feeling hungry.
You start resting.
Something unseen opens the door.
You hit the mummy but do no damage. The mummy hits you.
* * * LOW HITPOINT WARNING * * *
You hit the mummy.
The mummy is moderately damaged.
You slash the mummy!
The mummy is almost destroyed.
The mummy hits you!
You die...

####.# ##### #.# #....##.#
#...## #.# #.#####.#
#.#..###.# #.# #.#
#.##M.##.# #.# #.#
#.###..#.# #.# #.#
##.#.##...# #.# #.#
#..#..##..# #.#
#.####..M...##M#
##.#####.#.##..#@.##..#
.†.).....>.....#.##...####
...#######.##..###.......#
##.# #.##..##...#.#.##
.... ..##..#....#.#.#
....... ...##....##.#.# #
......#.#####.#####....
......#. #.# ##### ......#
#..


You could see a mummy.

Vanquished Creatures
  Pikel (D:4)
  Edmund (D:4)
  A big kobold (Sewer)
  An orc priest (D:3)
  An orc wizard (D:3)
  4 gnolls (D:3)
  6 adders
  2 oozes (D:2)
  4 worms
  5 leopard geckos
  8 orcs (D:3)
  A giant cockroach (Sewer)
  6 hobgoblins
  4 ball pythons
  9 bats
  3 frilled lizards
  5 goblins
  17 kobolds
  A leopard gecko skeleton (D:4)
  8 rats
88 creatures vanquished.

Vanquished Creatures (others)
  A scorpion (D:4)
1 creature vanquished.

Grand Total: 89 creatures vanquished

Notes
Turn   | Place    | Note
-------+----------+-------------------------------------------
     0 | D:1      | IcyTea the Barachi Fighter began the quest for the Orb.
     0 | D:1      | Reached XP level 1. HP: 18/18 MP: 1/1
     2 | D:1      | Noticed a demonspawn
     4 | D:1      | Noticed a spriggan
     4 | D:1      | Noticed a minotaur
     6 | D:1      | Noticed a draconian
     6 | D:1      | Noticed a felid
     8 | D:1      | Noticed a gargoyle
    10 | D:1      | Noticed a vine stalker
    10 | D:1      | Noticed an octopode
    12 | D:1      | Noticed a centaur
    12 | D:1      | Noticed a dwarf
    16 | D:1      | Noticed a human
    16 | D:1      | Noticed a ghoul
    18 | D:1      | Noticed an elf
    20 | D:1      | Noticed a formicid
    22 | D:1      | Noticed a tengu
    22 | D:1      | Noticed a merfolk
    24 | D:1      | Noticed an ogre
    24 | D:1      | Noticed a troll
    26 | D:1      | Noticed a halfling
    26 | D:1      | Noticed a vampire
    28 | D:1      | Noticed a naga
    28 | D:1      | Noticed a demigod
   434 | D:1      | Reached skill level 3 in Long Blades
   484 | D:1      | Reached XP level 2. HP: 24/24 MP: 2/2
   842 | D:2      | Reached skill level 4 in Long Blades
   861 | D:2      | Reached XP level 3. HP: 28/29 MP: 3/3
  1755 | D:3      | Reached skill level 5 in Long Blades
  1769 | D:3      | Reached XP level 4. HP: 33/36 MP: 4/4
  2005 | D:3      | Reached skill level 6 in Long Blades
  2102 | D:3      | Reached XP level 5. HP: 27/41 MP: 5/5
  2455 | D:3      | Reached skill level 7 in Long Blades
  2576 | D:3      | Found a runed translucent door.
  2576 | D:3      | Noticed hallab's ghost (amateur TrEE)
  3117 | D:4      | Found a glowing drain.
  3121 | Sewer    | Entered a sewer
  3138 | Sewer    | Reached XP level 6. HP: 41/47 MP: 6/6
  3510 | Sewer    | Reached skill level 8 in Long Blades
  3743 | D:4      | Noticed Edmund
  3756 | D:4      | Killed Edmund
  3843 | D:4      | Reached XP level 7. HP: 50/52 MP: 7/7
  4075 | D:4      | Noticed Pikel
  4103 | D:4      | HP: 1/52 [Pikel/puff of flame (9)]
  4110 | D:4      | Killed Pikel
  4110 | D:4      | Reached skill level 10 in Long Blades
  4110 | D:4      | Reached XP level 8. HP: 16/59 MP: 8/8
  4180 | D:4      | Mangled by a mummy

Illustrated notes

Levels and vault maps discovered:
D:1:      kb_arrival_jail, layout_loops_corners
D:2:      layout_rooms
D:3:      layout_basic, hellmonk_ghost_happy_afterlife
D:4:      layout_basic, gup_sewer_entry_bowl, gup_ossuary_entry_pyramid,
          goddamned_bats, uniq_edmund, uniq_pikel

Skill      XL: |  1  2  3  4  5  6  7 |
---------------+----------------------+-----
Long Blades    | 3 4 5 6 7 8 10 | 10.9
Fighting       | |  3.6
Armour         | |  3.6
Shields        | |  3.2

Action                   |  1- 3 |  4- 6 |  7- 9 || total
-------------------------+-------+-------+-------++-------
Melee: Long sword        |    87 |   225 |    34 ||   346
  Use: Scroll            |       |     4 |       ||     4
       Potion            |       |     2 |     2 ||     4
  Eat: Chunk             |     3 |     8 |     1 ||    12
Armor: Scale mail        |    20 |       |       ||    20
       Chain mail        |    26 |   139 |    10 ||   175
Dodge: Dodged            |    26 |    68 |     1 ||    95
Block: Kite shield       |    47 |   131 |    10 ||   188
       Rpst.: Long sword |    13 |    14 |     1 ||    28
